 Dungeon Crawl Stone Soup version 0.16.1 (webtiles) character file.

6830 MDvedh the Basher (level 10, -14/70 HPs)
             Began as a Demonspawn Gladiator on Mar 23, 2015.
             Was an Elder of Okawaru.
             Demolished by Urug
             ... wielding a +5 great sword of holy wrath
              (22 damage)
             ... on level 10 of the Dungeon.
             The game lasted 00:27:30 (11881 turns).

MDvedh the Basher (Demonspawn Gladiator)           Turns: 11881, Time: 00:27:30

Health: -14/70     AC: 23    Str: 18    XL:     10   Next: 77%
Magic:  7/9        EV: 12    Int:  9    God:    Okawaru [****..]
Gold:   374        SH:  0    Dex: 15    Spells: 0 memorised, 9 levels left

rFire  . . .     SeeInvis .     J - +2 flail (curse)
rCold  + . .     Clarity  .     u - +0 plate armour
rNeg   . . .     SustAb   .     (no shield)
rPois  .         Gourm    .     c - +0 helmet (curse)
rElec  .         Spirit   .     o - +0 cloak
rCorr  .         Warding  .     s - +1 pair of gloves
rMut   .         Stasis   .     (no boots)
MR     .....                    B - amulet of regeneration
Stlth  ..........               (no ring)
                                t - ring of protection from cold

@: heroism, not resistant to hostile enchantments, extremely unstealthy
A: hooves 1, rugged brown scales 2, low mp 1, nightstalker 1, spiny 1
a: Heroism, Renounce Religion


You were on level 10 of the Dungeon.
You worshipped Okawaru.
Okawaru was greatly pleased with you.
You were very hungry.

You visited 2 branches of the dungeon, and saw 11 of its levels.

You collected 374 gold pieces.

Inventory:

Hand weapons
 a - a +1 flail
 b - a +0 whip of draining
 y - a +0 morningstar
 J - a cursed +2 flail (weapon)
Missiles
 d - 4 throwing nets (quivered)
Armour
 c - a cursed +0 helmet (worn)
 o - a +0 cloak (worn)
 s - a +1 pair of gloves (worn)
 u - a +0 plate armour (worn)
Jewellery
 t - a ring of protection from cold (left hand)
 B - an amulet of regeneration (around neck)
Magical devices
 e - a wand of polymorph (4)
 j - a wand of confusion (40)
 z - a wand of enslavement (0)
 F - a wand of fire (10)
 K - a wand of polymorph (8)
Scrolls
 g - 6 scrolls of remove curse
 h - a scroll of blinking
 i - 2 scrolls of amnesia
 k - a scroll of identify
 r - 2 scrolls of teleportation
 E - a scroll of recharging
 G - a scroll of enchant weapon
Potions
 l - 2 potions of might
 m - 2 potions of restore abilities
 n - 2 potions of brilliance
 p - a potion of resistance
 q - 5 potions of curing
 v - a potion of haste {unknown}
 w - a potion of ambrosia {unknown}
 C - a potion of mutation {unknown}
 D - a potion of invisibility {unknown}
 H - 2 potions of lignification
Comestibles
 f - 7 bread rations
 x - 3 slices of pizza
 I - a beef jerky


   Skills:
 - Level 2.0(7.0) Fighting
 - Level 11.0(16.0) Maces & Flails
 - Level 1.7(6.7) Throwing
 + Level 7.6(12.6) Armour
 + Level 8.1(13.1) Dodging


You had 9 spell levels left.
You didn't know any spells.

Dungeon Overview and Level Annotations

Branches:
Dungeon (10/15)            Temple (1/1) D:5
   Lair: D:8-11         Orc: D:9-12

Altars:
Ashenzari
Cheibriados
Dithmenos
Elyvilon
Fedhas
Gozag
Kikubaaqudgha
Makhleb
Nemelex Xobeh
Okawaru
Qazlal
Ru
Sif Muna
Trog
Vehumet
Xom
Yredelemnul
Zin
The Shining One

Shops:
D:7 %

Annotations:
D:4 exclusion: 2 doors, Anothat's ghost, average DrFE; Prince Ribbit
D:10 Urug


Innate Abilities, Weirdness & Mutations

You have large cloven feet.
You are mostly covered in rugged brown scales (AC +2, +5% HP).
You are slightly more attuned to the shadows.
You are partially covered in sharp spines.
Your magical capacity is low (-10% MP).


Message History

You convulse!
There is an open door, spattered with blood here.
Your plate armour prevents you from hitting Urug.
You hit Urug. You kick Urug, but do no damage.
Urug is lightly wounded.
Urug hits you with a great sword of holy wrath.
You convulse.
You hit Urug!
Urug is moderately wounded.
You closely miss Urug.
Urug is moderately wounded.
Urug hits you but does no damage.
You hit Urug! You kick Urug, but do no damage.
Urug is heavily wounded.
You barely miss Urug.
Urug is heavily wounded.
Urug hits you with a great sword of holy wrath!!
* * * LOW HITPOINT WARNING * * *
You convulse!!
You die...

.....#.##....#..##..
#...##.......+..####
#...##+###'###..# #
#...##..........# #
#...##..>.......#
#.(.##..........#
#...##..........#
#..o##..........#
########@#######'########
........(.................
.........................†
.....................[.....
..........######...........
....................#......
.....##............#......
..........................
#########################


You could see Urug.

Vanquished Creatures
  A spriggan (D:8)
  12 yaks (D:9)
  Eustachio (D:7)
  Grum (D:10)
  A hungry ghost (D:8)
  A hippogriff (D:9)
  Edmund (D:4)
  3 wolves (D:10)
  2 sky beasts
  5 ogres
  3 centaurs
  4 orc warriors
  2 phantoms
  2 ice beasts
  A big kobold (D:9)
  A necrophage (D:10)
  3 giant frogs
  2 scorpions
  3 wights (D:10)
  6 killer bees (D:8)
  3 crimson imps
  A goliath beetle (D:8)
  3 centaur zombies
  2 jellies
  A giant frog zombie (D:10)
  Crazy Yiuf (D:4)
  An orc priest (D:8)
  2 giant frog skeletons
  5 hounds
  A centaur skeleton (D:5)
  4 worker ants
  6 orc wizards
  5 iguanas
  A killer bee zombie (D:5)
  A hound skeleton (D:8)
  2 mummies
  A river rat (D:7)
  2 gnolls (D:6)
  10 adders
  3 white imps (D:7)
  A shadow imp (D:9)
  3 worms
  3 adder skeletons
  An adder zombie (D:7)
  2 giant geckos
  29 orcs
  A ball python (D:1)
  A bat skeleton (D:7)
  2 bat zombies
  11 giant cockroaches
  24 hobgoblins
  7 jackals
  14 bats
  A giant gecko zombie (D:5)
  6 giant newts
  9 goblins
  18 kobolds
  6 quokkas
  A quokka zombie (D:6)
  15 rats
  5 ballistomycetes (D:7)
270 creatures vanquished.

Vanquished Creatures (others)
  A quokka (D:4)
  A giant spore (D:7)
2 creatures vanquished.

Grand Total: 272 creatures vanquished

Notes
Turn   | Place    | Note
--------------------------------------------------------------
     0 | D:1      | MDvedh, the Demonspawn Gladiator, began the quest for the Orb.
     0 | D:1      | Reached XP level 1. HP: 16/16 MP: 1/1
    56 | D:1      | Reached skill level 3 in Maces & Flails
    89 | D:1      | Gained mutation: You are partially covered in rugged brown scales (AC +1, +3% HP). [demonic ancestry]
    89 | D:1      | Reached XP level 2. HP: 2/22 MP: 2/2
   977 | D:2      | Gained mutation: You are partially covered in sharp spines. [demonic ancestry]
   977 | D:2      | Reached XP level 3. HP: 25/27 MP: 3/3
  1037 | D:2      | Reached skill level 4 in Maces & Flails
  1066 | D:2      | Found a deep blue altar of Sif Muna.
  1775 | D:2      | Reached XP level 4. HP: 23/33 MP: 4/4
  2388 | D:3      | Reached skill level 5 in Maces & Flails
  2872 | D:3      | Found a stormy altar of Qazlal.
  3125 | D:4      | Noticed Edmund
  3174 | D:3      | Reached XP level 5. HP: 18/39 MP: 5/5
  3306 | D:4      | Noticed a phantom
  3306 | D:4      | Noticed Anothat's ghost (average DrFE)
  3686 | D:4      | Noticed an ogre
  3693 | D:4      | Killed an ogre
  3693 | D:4      | Reached skill level 6 in Maces & Flails
  3693 | D:4      | Gained mutation: You are slightly more attuned to the shadows. [demonic ancestry]
  3693 | D:4      | Reached XP level 6. HP: 25/45 MP: 6/6
  3814 | D:4      | Noticed Prince Ribbit
  4222 | D:4      | Found a white marble altar of Elyvilon.
  4306 | D:4      | Killed Edmund
  4306 | D:4      | Reached skill level 7 in Maces & Flails
  4466 | D:4      | Noticed Crazy Yiuf
  4476 | D:4      | Killed Crazy Yiuf
  4679 | D:5      | Entered Level 5 of the Dungeon
  4889 | D:5      | Gained mutation: You have large cloven feet. [demonic ancestry]
  4889 | D:5      | Reached XP level 7. HP: 29/51 MP: 7/7
  5094 | D:5      | Found a staircase to the Ecumenical Temple.
  5100 | Temple   | Entered the Ecumenical Temple
  5350 | Temple   | Became a worshipper of Warmaster Okawaru
  5845 | D:5      | Reached skill level 8 in Maces & Flails
  5935 | D:5      | Acquired Okawaru's first power
  6396 | D:6      | Reached skill level 9 in Maces & Flails
  6396 | D:6      | Reached XP level 8. HP: 57/57 MP: 8/8
  6420 | D:6      | Found a deep blue altar of Sif Muna.
  6846 | D:6      | Found an iron altar of Okawaru.
  6900 | D:6      | Found an opulent altar of Gozag.
  7168 | D:6      | Reached skill level 10 in Maces & Flails
  7273 | D:7      | Found a shattered altar of Ashenzari.
  7517 | D:7      | Found a bloodstained altar of Trog.
  7527 | D:7      | Found Oste's Food Shoppe.
  7677 | D:7      | Noticed Eustachio
  7788 | D:7      | Killed Eustachio
  8364 | D:8      | Reached skill level 11 in Maces & Flails
  8454 | D:7      | Reached XP level 9. HP: 32/62 MP: 9/9
  8620 | D:8      | Reached skill level 1 in Armour
  8649 | D:8      | Found a basalt altar of Yredelemnul.
  9400 | D:9      | Reached skill level 5 in Dodging
  9794 | D:9      | Reached skill level 5 in Armour
  9807 | D:9      | Gained mutation: You are mostly covered in rugged brown scales (AC +2, +5% HP). [demonic ancestry]
  9807 | D:9      | Reached XP level 10. HP: 23/70 MP: 10/10
 10570 | D:9      | Found a blossoming altar of Fedhas.
 11472 | D:10     | Entered Level 10 of the Dungeon
 11488 | D:10     | Noticed Grum
 11509 | D:10     | Killed Grum
 11600 | D:10     | Gained mutation: Your magical capacity is low (-10% MP). [mutagenic meat]
 11864 | D:10     | Noticed Urug
 11881 | D:10     | Demolished by Urug

Action                   |  1- 3 |  4- 6 |  7- 9 | 10-12 || total
-------------------------+-------+-------+-------+-------++-------
Melee: Flail             |   133 |   174 |    87 |     7 ||   401
       Whip              |       |    98 |   430 |       ||   528
       Morningstar       |       |       |   176 |   256 ||   432
Invok: Heroism           |       |       |     6 |     4 ||    10
  Use: Scroll            |       |    10 |     2 |     4 ||    16
       Potion            |       |     8 |     2 |       ||    10
  Eat: Chunk             |     3 |     6 |     5 |     6 ||    20
       Bread ration      |       |     1 |     1 |       ||     2
       Beef jerky        |       |       |     1 |       ||     1
       Meat ration       |       |       |     1 |       ||     1
       Fruit             |       |       |       |     2 ||     2
